 Dungeon Crawl Stone Soup version 0.25-a0-577-ga4619f409e (webtiles) character file.

Game seed: 14682742318781503465, levelgen mode: deterministic

56204 Flugslaktarn the Severer (level 14, 0/133 HPs)
             Began as a Deep Dwarf Fighter on Mar 2, 2020.
             Was the Champion of Makhleb.
             Slain by Ryrchisey's ghost (17 damage)
             ... on level 1 of the Spider Nest.
             The game lasted 00:08:44 (9851 turns).

Flugslaktarn the Severer (Deep Dwarf Fighter)       Turns: 9851, Time: 00:08:45

Health: 0/133      AC: 26    Str: 21    XL:     14   Next: 41%
Magic:  11/11      EV:  6    Int:  9    God:    Makhleb [******]
Gold:   916        SH: 14    Dex: 16    Spells: 13/13 levels left

rFire    + . .     SeeInvis .   b - +4 broad axe of Hell's Wrath {vorpal, Str-4 Dex+4}
rCold    . . .     Gourm    .   a - +1 kite shield {reflect}
rNeg     + . .     Faith    .   O - +4 plate armour
rPois    +         Spirit   .   (no helmet)
rElec    .         Reflect  +   s - scarf {repulsion}
rCorr    .         Harm     .   G - +2 pair of gloves
MR       ++...                  C - +2 pair of boots
Stlth    ..........             (no amulet)
HPRegen  0.00/turn              f - ring of protection from fire
MPRegen  0.12/turn              o - ring of poison resistance

@: non-regenerating, repel missiles
A: damage resistance, heal wounds, negative energy resistance 1, sense
surroundings 2, no regeneration
a: Heal Wounds, Minor Destruction, Lesser Servant of Makhleb, Major Destruction,
Greater Servant of Makhleb, Renounce Religion


You were on level 1 of the Spider Nest.
You worshipped Makhleb.
Makhleb was exalted by your worship.
You were hungry.

You visited 3 branches of the dungeon, and saw 16 of its levels.

You collected 916 gold pieces.

Inventory:

Hand Weapons
 b - the +4 broad axe of Hell's Wrath (weapon) {vorpal, Str-4 Dex+4}
   (You acquired it on level 7 of the Dungeon)

   It inflicts extra damage upon your enemies.
   It affects your strength (-4).
   It affects your dexterity (+4).
Missiles
 D - a throwing net (quivered)
Armour
 a - a +1 kite shield of reflection (worn)
   (You took it off Donald on level 2 of the Lair of Beasts)
 s - a scarf of repulsion (worn)
   (You found it on level 1 of the Lair of Beasts)
 C - a +2 pair of boots (worn)
   (You found it on level 6 of the Dungeon)
 G - a +2 pair of gloves (worn)
   (You found it on level 3 of the Dungeon)
 O - a +4 plate armour (worn)
   (You found it on level 4 of the Lair of Beasts)
Jewellery
 f - a ring of protection from fire (left hand)
   (You found it on level 4 of the Lair of Beasts)
 o - a ring of poison resistance (right hand)
   (You found it on level 5 of the Lair of Beasts)
Wands
 i - a wand of paralysis (10)
   (You found it on level 4 of the Lair of Beasts)
 v - a wand of digging (3)
   (You took it off Sonja on level 2 of the Lair of Beasts)
 z - a wand of enslavement (6)
   (You found it on level 2 of the Lair of Beasts)
 E - a wand of clouds (1)
   (You found it on level 7 of the Dungeon)
 F - a wand of iceblast (2)
   (You found it on level 2 of the Lair of Beasts)
Scrolls
 g - a scroll of immolation
 r - 3 scrolls of identify
 t - 2 scrolls of teleportation
 x - 8 scrolls of remove curse
 y - 2 scrolls of enchant weapon
 A - 2 scrolls of magic mapping
 B - 3 scrolls of fog
 J - 2 scrolls of enchant armour
 L - a scroll of fear
 M - a scroll of vulnerability
Potions
 d - 3 potions of might
 h - a potion of haste
 j - 5 potions of stabbing
 k - 3 potions of lignification
 l - 2 potions of berserk rage
 n - 2 potions of magic
 p - a potion of invisibility
 q - 2 potions of curing
 u - a potion of ambrosia
 w - a potion of heal wounds
 H - 2 potions of flight
 I - 2 potions of mutation
Comestibles
 e - 32 rations


   Skills:
 * Level 10.3 Fighting
 * Level 15.7 Axes
 + Level 11.9 Armour
 + Level 12.0 Shields
 + Level 12.6 Invocations


You had 13 spell levels left.
You didn't know any spells.
Your spell library was empty.

Dungeon Overview and Level Annotations

Branches:
Dungeon (9/15)             Temple (0/1) D:7            Lair (6/6) D:8
 Shoals (0/4) Lair:3       Spider (1/4) Lair:2        Slime (0/5) Lair:5
    Orc: D:9-12

Altars:
Cheibriados
Elyvilon
Kikubaaqudgha
Makhleb
Uskayaw
Vehumet
Xom
Jiyva

Annotations:
Spider:1 Ryrchisey's ghost, journeyman MiMo; emiel's ghost, journeyman DsIE


Innate Abilities, Weirdness & Mutations

You are resistant to damage.
You can heal yourself by infusing magical energy.
You resist negative energy. (rN+)
You passively map the area around you.
You do not regenerate.


Message History

Ryrchisey's ghost hits you!
* * * LOW HITPOINT WARNING * * *
You are too injured to fight recklessly!
You are too injured to fight recklessly!
You are too injured to fight recklessly!
You are too injured to fight recklessly!
You are too injured to fight recklessly!
You are too injured to fight recklessly!
You are too injured to fight recklessly!
You are too injured to fight recklessly!
You are too injured to fight recklessly!
You hit Ryrchisey's ghost.
Ryrchisey's ghost is severely damaged.
You closely miss emiel's ghost.
Emiel's ghost gestures at you while chanting.
You are frozen.
* * * LOW HITPOINT WARNING * * *
Ryrchisey's ghost says, "You must not succeed where I failed!"
Ryrchisey's ghost hits you!!
You die...

.......## .......## *####
.#......### ###♣⌠♣?##
...##....^### ##.#....8#
..####......###..#.....[ ...#
##....^.....'.....♣
...#####.........'.....⌠
.....#......#...WW.....♣
.....##......^..@#Y....!*
..####.........○.#....8#*
........(........#♣⌠♣)###
.................######.###
..........................##
.......#.........^.........#
..........................####
...>....^....................#
.......................#.^..##


You could see an ice beast, Ryrchisey's ghost and emiel's ghost.

Vanquished Creatures
  Kirke (Lair:5)
  Donald (Lair:2)
  2 entropy weavers (Lair:6)
  Snorg (Lair:5)
  Josephine (Lair:5)
  2 hydras
  A queen ant (Lair:6)
  Sonja (Lair:2)
  A lindwurm (Lair:4)
  7 wolf spiders
  2 orb spiders (Spider:1)
  3 elephants (Lair:2)
  Joseph (D:8)
  A merfolk siren (Lair:3)
  6 black mambas
  2 torpor snails
  7 komodo dragons
  5 rime drakes
  20 spiny frogs
  10 demonic crawlers (Spider:1)
  A jumping spider (Spider:1)
  A queen bee (D:8)
  A polar bear (Lair:1)
  17 blink frogs
  4 tyrant leeches (Lair:6)
  Grinder (D:4)
  8 hippogriffs
  12 dream sheep
  4 redbacks (Spider:1)
  3 wraiths (Lair:5)
  4 tarantellas (Spider:1)
  5 hogs
  30 yaks
  Grum (D:8)
  A wyvern (Lair:3)
  2 basilisks
  6 vampire mosquitoes (Lair:6)
  A hungry ghost (D:7)
  10 soldier ants (Lair:6)
  9 water moccasins
  9 porcupines
  7 black bears
  2 ice beasts
  A phantom (D:9)
  An orc warrior (D:7)
  3 ogres
  A necrophage (D:6)
  2 centaurs
  18 wolves
  14 crocodiles
  37 bullfrogs
  A gnoll sergeant (D:7)
  3 scorpions
  14 killer bees (D:8)
  2 howler monkeys
  2 electric eels
  3 crimson imps
  A bullfrog zombie (D:5)
  A centaur skeleton (D:6)
  An orc priest (D:7)
  A hound (D:8)
  2 jellies (D:6)
  2 orc wizards (D:7)
  2 iguanas
  26 worker ants
  6 adders
  8 gnolls
  2 shadow imps (D:5)
  An adder skeleton (D:6)
  A worm (D:2)
  A dart slug (D:1)
  4 leopard geckos
  12 orcs
  4 goblins
  5 hobgoblins
  11 jackals
  A quokka (D:8)
  A ball python (D:4)
  2 bats
  4 frilled lizards
  3 kobolds
  A leopard gecko zombie (D:5)
  A quokka skeleton (D:5)
  5 rats
  10 fungi
  25 plants
460 creatures vanquished.

Vanquished Creatures (collateral kills)
  A hydra (Lair:4)
1 creature vanquished.

Vanquished Creatures (others)
  19 fungi
  32 plants
51 creatures vanquished.

Grand Total: 512 creatures vanquished

Notes
Turn   | Place    | Note
-------+----------+-------------------------------------------
     0 | D:1      | Flugslaktarn the Deep Dwarf Fighter began the quest for the
                  | Orb.
     0 | D:1      | Reached XP level 1. HP: 20/20 MP: 1/1
    86 | D:1      | Reached XP level 2. HP: 22/27 MP: 2/2
   344 | D:2      | Found a faded altar of an unknown god.
   351 | D:2      | Reached skill level 3 in Axes
   351 | D:2      | Reached XP level 3. HP: 20/33 MP: 3/3
   397 | D:2      | Found a radiant altar of Vehumet.
   796 | D:3      | Reached XP level 4. HP: 42/42 MP: 4/4
   835 | D:4      | Found a hide-covered altar of Uskayaw.
   928 | D:4      | Reached skill level 4 in Axes
   928 | D:4      | Reached XP level 5. HP: 44/49 MP: 5/5
   937 | D:4      | Noticed Grinder
   958 | D:4      | Killed Grinder
   958 | D:4      | Reached XP level 6. HP: 38/57 MP: 6/6
  1015 | D:4      | Reached skill level 5 in Axes
  1079 | D:4      | Found an ancient bone altar of Kikubaaqudgha.
  1208 | D:4      | Found a shimmering altar of Xom.
  1256 | D:4      | Found a white marble altar of Elyvilon.
  1336 | D:5      | Entered Level 5 of the Dungeon
  1372 | D:5      | Reached XP level 7. HP: 54/64 MP: 7/7
  1409 | D:5      | Reached skill level 5 in Armour
  1415 | D:5      | Reached skill level 5 in Shields
  1574 | D:5      | Reached skill level 6 in Axes
  1608 | D:5      | Found a burning altar of Makhleb.
  1645 | D:5      | Became a worshipper of Makhleb the Destroyer
  2042 | D:6      | Reached skill level 1 in Invocations
  2236 | D:6      | Reached XP level 8. HP: 60/73 MP: 9/9
  2441 | D:6      | Reached skill level 7 in Axes
  2773 | D:7      | Found a staircase to the Ecumenical Temple.
  2793 | D:7      | Reached skill level 5 in Fighting
  2808 | D:7      | Reached * piety under Makhleb
  2849 | D:7      | Reached skill level 8 in Axes
  3114 | D:7      | Found a snail-covered altar of Cheibriados.
  3124 | D:7      | Identified a scroll of acquirement
  3124 | D:7      | Identified the ring "Hetaijer" {+Blink rF++ Int+4 Dex+3
                  | Stlth-} (You acquired it on level 7 of the Dungeon)
  3124 | D:7      | Identified the +4 broad axe of Hell's Wrath {vorpal, Str-4
                  | Dex+4} (You acquired it on level 7 of the Dungeon)
  3279 | D:8      | Gained mutation: You passively map the area around you.
                  | [Deep Dwarf growth]
  3279 | D:8      | Reached XP level 9. HP: 64/81 MP: 11/11
  3304 | D:8      | Found a staircase to the Lair.
  3307 | D:8      | Noticed Joseph
  3331 | D:8      | Killed Joseph
  3331 | D:8      | Reached skill level 5 in Invocations
  3345 | D:8      | Reached skill level 9 in Axes
  3348 | D:8      | Noticed Grum
  3375 | D:8      | Killed Grum
  3504 | D:8      | Reached ** piety under Makhleb
  3504 | D:8      | Reached XP level 10. HP: 71/91 MP: 12/12
  3774 | D:8      | Reached skill level 10 in Axes
  3848 | Lair:1   | Entered Level 1 of the Lair of Beasts
  3848 | Lair:1   | Noticed a spiny frog
  3868 | Lair:1   | Killed a spiny frog
  4029 | Lair:1   | Noticed a spiny frog
  4039 | Lair:1   | Killed a spiny frog
  4332 | Lair:1   | Reached skill level 11 in Axes
  4422 | Lair:1   | Noticed a spiny frog
  4431 | Lair:1   | Killed a spiny frog
  4431 | Lair:1   | Reached XP level 11. HP: 63/100 MP: 13/13
  4781 | Lair:2   | Reached *** piety under Makhleb
  4885 | Lair:2   | Found a hole to the Spider Nest.
  4885 | Lair:2   | Noticed a wolf spider
  4895 | Lair:2   | Killed a wolf spider
  4911 | Lair:2   | Noticed Sonja
  4921 | Lair:2   | Killed Sonja
  5037 | Lair:2   | Reached skill level 12 in Axes
  5864 | Lair:3   | Noticed an eight-headed hydra
  5875 | Lair:3   | Killed a ten-headed hydra
  6077 | Lair:3   | Found a staircase to the Shoals.
  6364 | Lair:4   | Reached XP level 12. HP: 110/110 MP: 13/13
  6552 | Lair:4   | Reached **** piety under Makhleb
  6562 | Lair:4   | Reached skill level 10 in Shields
  6568 | Lair:4   | Reached skill level 13 in Axes
  6678 | Lair:4   | Noticed a seven-headed hydra
  6691 | Lair:4   | Killed a ten-headed hydra
  6691 | Lair:4   | Reached skill level 10 in Invocations
  6694 | Lair:4   | Reached skill level 10 in Armour
  6873 | Lair:4   | Noticed a seven-headed hydra
  6893 | Lair:4   | Killed a 13-headed hydra
  7283 | Lair:5   | Noticed Snorg
  7300 | Lair:5   | HP: 2/112 [Snorg (22)]
  7311 | Lair:5   | Killed Snorg
  7557 | Lair:5   | Noticed Kirke
  7677 | Lair:5   | Killed Kirke
  7677 | Lair:5   | Reached XP level 13. HP: 100/121 MP: 12/12
  7752 | Lair:5   | Noticed Josephine
  7755 | Lair:5   | Reached skill level 14 in Axes
  7767 | Lair:5   | Killed Josephine
  7908 | Lair:5   | Found a staircase to the Slime Pits.
  7908 | Lair:5   | Found a viscous altar of Jiyva.
  8054 | Lair:6   | Entered Level 6 of the Lair of Beasts
  8165 | Lair:6   | Reached ***** piety under Makhleb
  8556 | Lair:6   | Reached skill level 15 in Axes
  8660 | Lair:6   | Got a brightly glowing plate armour
  8676 | Lair:6   | Identified the +1 plate armour of the Locust {Dex+4} (You
                  | found it on level 6 of the Lair of Beasts)
  8903 | Lair:6   | Noticed an entropy weaver
  8904 | Lair:6   | Noticed an entropy weaver
  9197 | Lair:6   | Gained mutation: You resist negative energy. (rN+) [Deep
                  | Dwarf growth]
  9197 | Lair:6   | Reached XP level 14. HP: 101/130 MP: 14/14
  9316 | Lair:6   | Killed an entropy weaver
  9337 | Lair:6   | Killed an entropy weaver
  9407 | Spider:1 | Entered Level 1 of the Spider Nest
  9407 | Spider:1 | Noticed Donald
  9417 | Spider:1 | Reached skill level 10 in Fighting
  9434 | Lair:2   | Killed Donald
  9505 | Spider:1 | Reached ****** piety under Makhleb
  9709 | Spider:1 | Found a runed translucent gate.
  9709 | Spider:1 | Found a runed translucent gate.
  9709 | Spider:1 | Found a runed translucent gate.
  9710 | Spider:1 | Noticed Ryrchisey's ghost (journeyman MiMo)
  9712 | Spider:1 | Noticed emiel's ghost (journeyman DsIE)
  9843 | Spider:1 | HP: 2/133 [Ryrchisey's ghost (15)]
  9851 | Spider:1 | Slain by Ryrchisey's ghost

Levels and vault maps discovered:
D:1:      erik_arrival_cave_to_civilisation [erik_arrival_cave_to_hall],
          layout_basic, minmay_misc_feat_tower
D:2:      layout_basic, vehumet_crystals, lemuel_round_altar,
          chequers_ecumenical_altar_simple_redux
D:3:      layout_loops_corners
D:4:      layout_basic, lemuel_doored_altar, eat_drink_and_be_merry_uskayaw,
          lemuel_round_altar, lemuel_round_altar, first_ration, uniq_grinder
D:5:      layout_cave_pools, kennysheep_mini_moat
D:6:      layout_loops_corners, serial_glass, glass_columns_b, glass_columns_a,
          minmay_strange_pillars, due_unseen_surprise, item_on_display_a
D:7:      layout_rooms, kennysheep_mini, minmay_temple_entry_glassed_door
D:8:      layout_basic, due_lair_maze_entry_diamond, david_nohive_1,
          uniq_joseph, uniq_grum
D:9:      layout_cross, grunt_temple_overflow_forces_of_nature,
          nicolae_tso_carved_into_rock, lemuel_crystal_altar, bh_circular_ruins
Lair:1:   layout_gridlike, gammafunk_lair_bear_cave
Lair:2:   layout_regular_city, spider_nest_entry_rubble,
          grunt_forest_large_clearing_hut, serial_bayou_shore_a, uniq_sonja
Lair:3:   layout_long_grid, minmay_shoals_entry_lonely_mermaid, st_stairs_8,
          serial_bayou_shore_b
Lair:4:   layout_small_grid, minmay_shattered_shrine
Lair:5:   layout_loops_ring, slime_altar_1, uniq_snorg, uniq_josephine,
          uniq_kirke
Lair:6:   minmay_lair_end_frog_pond, layout_concentric_octagons,
          zaba_antful_of_joy
Spider:1: layout_spider_delve, gammafunk_ghost_cemetery, nicolae_crawler_farm,
          uniq_donald

Skill      XL: |  1  2  3  4  5  6  7  8  9 10 11 12 13 14 |
---------------+-------------------------------------------+-----
Axes           | 3 4 5 6 8 9 11 12 13 15 | 15.7
Fighting       | 3 4 5 6 7 8 9 10 | 10.3
Armour         | 4 5 6 7 8 9 10 11 | 11.9
Shields        | 4 5 6 7 8 9 10 11 12 | 12.0
Invocations    | 2 4 6 7 9 10 12 | 12.6

Action                   |  1- 3 |  4- 6 |  7- 9 | 10-12 | 13-15 || total
-------------------------+-------+-------+-------+-------+-------++-------
Melee: War axe           |   106 |    77 |   259 |       |       ||   442
       Broad axe         |       |       |    93 |   546 |   580 ||  1219
       Unarmed           |       |       |       |     4 |       ||     4
Invok: Lesser Servant of |       |       |       |     6 |     1 ||     7
 Abil: Heal Wounds       |     2 |     1 |    10 |    23 |    13 ||    49
Evoke: Wand              |       |       |       |     2 |       ||     2
  Use: Scroll            |       |       |    17 |     4 |    11 ||    32
       Potion            |       |       |       |     2 |     3 ||     5
 Stab: Confused          |       |       |       |     1 |       ||     1
  Eat: Chunk             |       |     2 |    10 |    10 |     8 ||    30
       Ration            |       |       |       |     1 |       ||     1
Armor: Scale mail        |    66 |    19 |     8 |       |       ||    93
       Plate armour      |       |       |   243 |   474 |   559 ||  1276
Dodge: Dodged            |    39 |    22 |    81 |   169 |   185 ||   496
       Deflected         |       |       |       |     1 |     3 ||     4
Block: Kite shield       |    70 |    48 |   247 |   458 |   551 ||  1374

Table legend:
 A = Non-vault XP
 B = Vault XP
 C = Vault XP percentage of total XP
 D = Non-vault monster count
 E = Vault monster count
 F = Vault count percentage of total count
                 A         B        C        D         E       F
            +---------+---------+-------+---------+---------+-------
      Total |   42248 |   38044 |  47.4 |     275 |     151 |  35.4
            +---------+---------+-------+---------+---------+-------
        D:1 |      17 |       5 |  22.7 |      11 |       2 |  15.4
        D:2 |      26 |       0 |   0.0 |      12 |       0 |   0.0
        D:3 |      58 |       0 |   0.0 |      15 |       0 |   0.0
        D:4 |     354 |     267 |  43.0 |      12 |       1 |   7.7
        D:5 |     269 |       0 |   0.0 |      13 |       0 |   0.0
        D:6 |     983 |       0 |   0.0 |      22 |       0 |   0.0
        D:7 |     780 |       0 |   0.0 |      16 |       0 |   0.0
        D:8 |     434 |    3419 |  88.7 |       6 |      31 |  83.8
        D:9 |     127 |       0 |   0.0 |       1 |       0 |   0.0
     Lair:1 |    4135 |     582 |  12.3 |      23 |       4 |  14.8
     Lair:2 |    5698 |    4153 |  42.2 |      28 |       6 |  17.6
     Lair:3 |    1742 |     569 |  24.6 |      10 |       2 |  16.7
     Lair:4 |    5030 |    3540 |  41.3 |      27 |       9 |  25.0
     Lair:5 |    5148 |    5874 |  53.3 |      18 |      10 |  35.7
     Lair:6 |    8710 |   17911 |  67.3 |      38 |      81 |  68.1
   Spider:1 |    8737 |    1724 |  16.5 |      23 |       5 |  17.9
            +---------+---------+-------+---------+---------+-------
